| TOP OF THE 1ST |
|
Tijuana Toros batting - Pitching for Joplin Blasters : RHP Abban Sartika
|
|
Pitching: RHP Abban Sartika
|
|
|
Batting: RHB Alex Diaz
|
0-0: Called Strike 0-1: Ball 1-1: Foul Ball, location: 2F 1-2: Ball 2-2: Foul Ball, location: 2F 2-2: Ball 3-2: Base on Balls
|
|
Batting: RHB Guo Kwok
|
0-0: Foul Ball, location: 2F 0-1: Ball 1-1: Ball 2-1: Ball 3-1: Called Strike 3-2: DOUBLE (Line Drive, 78D, EV 102.5 MPH) Alex Diaz to third
|
|
Batting: RHB Jerry Afghani
|
0-0: SINGLE (Line Drive, 78S, EV 90.6 MPH) Alex Diaz scores Guo Kwok to third
|
|
Batting: LHB Jose Diaz
|
0-0: Called Strike 0-1: Ball 1-1: Foul Ball, location: 2F 1-2: Ball 2-2: Ball 3-2: Grounds into double play, 4-6-3 (Groundball, 4, EV 88.1 MPH) Guo Kwok scores
|
|
Batting: RHB Mario Diaz
|
0-0: Called Strike 0-1: Ball 1-1: Ball 2-1: Hit by Pitch
|
|
Batting: RHB Guillermo Puente
|
0-0: Called Strike 0-1: Called Strike Mario Diaz is caught stealing 2nd base 2-4
|
| Top of the 1st over - 2 runs, 2 hits, 0 errors, 0 left on base; Tijuana 2 - Joplin 0 |
| BOTTOM OF THE 1ST |
|
Joplin Blasters batting - Pitching for Tijuana Toros : RHP Ricky Mendoza
|
|
Pitching: RHP Ricky Mendoza
|
|
|
Batting: RHB Angel Melendez
|
0-0: Ball 1-0: Ball 2-0: DOUBLE (Line Drive, 8LD, EV 100.0 MPH)
|
|
Batting: RHB Dustin Peterson
|
0-0: Foul Ball, location: 2F 0-1: Swinging Strike 0-2: Strikes out swinging
|
|
Batting: RHB Mike McClung
|
0-0: Ball 1-0: Called Strike 1-1: Foul Ball, location: 2F 1-2: Foul Ball, location: 2F 1-2: Strikes out swinging
|
|
Batting: RHB Tanner Holland
|
0-0: Called Strike 0-1: Ball 1-1: Fly out, F3 (Popup, 23F, EV 85.0 MPH)
|
| Bottom of the 1st over - 0 runs, 1 hit, 0 errors, 1 left on base; Tijuana 2 - Joplin 0 |
| TOP OF THE 2ND |
|
Tijuana Toros batting - Pitching for Joplin Blasters : RHP Abban Sartika
|
|
Batting: RHB Guillermo Puente
|
0-0: Foul Ball, location: 2F 0-1: Ball 1-1: Ball 2-1: Foul Ball, location: 2F 2-2: SINGLE (Line Drive, 4MD, EV 96.9 MPH)
|
|
Batting: RHB Tony Vasquez
|
0-0: Ball 1-0: Grounds into double play, 5-4-3 (Groundball, 56, EV 105.0 MPH)
|
|
Batting: RHB Clay Holgate
|
0-0: Ball 1-0: Called Strike 1-1: Called Strike 1-2: Ball 2-2: Foul Ball, location: 2F 2-2: Strikes out swinging
|
| Top of the 2nd over - 0 runs, 1 hit, 0 errors, 0 left on base; Tijuana 2 - Joplin 0 |
| BOTTOM OF THE 2ND |
|
Joplin Blasters batting - Pitching for Tijuana Toros : RHP Ricky Mendoza
|
|
Batting: RHB Mike Stokes
|
0-0: Foul Ball, location: 2F 0-1: Ground out 6-3 (Groundball, 56, EV 105.6 MPH)
|
|
Batting: LHB Willie Marquez
|
0-0: Called Strike 0-1: Foul Ball, location: 2F 0-2: Strikes out swinging
|
|
Batting: RHB Abban Sartika
|
0-0: Foul Ball, location: 2F 0-1: Ball 1-1: Called Strike 1-2: Ball 2-2: Ball 3-2: Strikes out swinging
|
| Bottom of the 2nd over - 0 runs, 0 hits, 0 errors, 0 left on base; Tijuana 2 - Joplin 0 |
| TOP OF THE 3RD |
|
Tijuana Toros batting - Pitching for Joplin Blasters : RHP Abban Sartika
|
|
Batting: LHB Gerardo Arriaga
|
0-0: Ball 1-0: Ball 2-0: Ground out 1-3 (Groundball, 13S, EV 66.2 MPH)
|
|
Batting: RHB Alex Diaz
|
0-0: Foul Ball, location: 2F 0-1: Called Strike 0-2: Ball 1-2: DOUBLE (Line Drive, 89M, EV 93.8 MPH)
|
|
Batting: RHB Guo Kwok
|
0-0: Ball 1-0: Swinging Strike 1-1: Ball 2-1: Swinging Strike 2-2: Strikes out looking
|
|
Batting: RHB Jerry Afghani
|
0-0: Ball 1-0: Ball 2-0: Called Strike 2-1: Swinging Strike 2-2: Ball 3-2: Strikes out swinging
|
| Top of the 3rd over - 0 runs, 1 hit, 0 errors, 1 left on base; Tijuana 2 - Joplin 0 |
| BOTTOM OF THE 3RD |
|
Joplin Blasters batting - Pitching for Tijuana Toros : RHP Ricky Mendoza
|
|
Batting: RHB Nate Brewer
|
0-0: Fly out, F9 (Flyball, 9, EV 91.2 MPH)
|
|
Batting: LHB Josh Lane
|
0-0: Called Strike 0-1: Ball 1-1: Ball 2-1: Ground out 1-3 (Groundball, P, EV 70.0 MPH)
|
|
Batting: RHB Angel Melendez
|
0-0: Ground out 6-3 (Groundball, 6M, EV 86.9 MPH)
|
| Bottom of the 3rd over - 0 runs, 0 hits, 0 errors, 0 left on base; Tijuana 2 - Joplin 0 |
| TOP OF THE 4TH |
|
Tijuana Toros batting - Pitching for Joplin Blasters : RHP Abban Sartika
|
|
Batting: LHB Jose Diaz
|
0-0: Ball 1-0: Called Strike 1-1: Foul Ball, location: 2F 1-2: Foul Ball, location: 2F 1-2: Ball 2-2: Ball 3-2: Foul Ball, location: 2F 3-2: DOUBLE (Line Drive, 9LM, EV 114.4 MPH)
|
|
Pitching: RHP Robert Carlos
|
|
|
Batting: RHB Mario Diaz
|
0-0: Ball 1-0: Swinging Strike 1-1: DOUBLE (Line Drive, 89XD, EV 109.4 MPH) Jose Diaz scores
|
|
Batting: RHB Guillermo Puente
|
0-0: Ball 1-0: Called Strike 1-1: SINGLE (Groundball, 56D, EV 105.6 MPH) Mario Diaz to third Runner from 3rd tries for Home, SAFE, throw by LF to home
|
|
Batting: RHB Tony Vasquez
|
0-0: Fielders Choice at 2nd, 1-6 (Groundball, 34S, EV 64.4 MPH)
|
|
Batting: RHB Clay Holgate
|
0-0: Swinging Strike 0-1: Ball 1-1: Called Strike 1-2: Ball Tony Vasquez is caught stealing 2nd base 2-4 2-2: Strikes out swinging
|
| Top of the 4th over - 2 runs, 3 hits, 0 errors, 0 left on base; Tijuana 4 - Joplin 0 |
| BOTTOM OF THE 4TH |
|
Joplin Blasters batting - Pitching for Tijuana Toros : RHP Ricky Mendoza
|
|
Batting: RHB Dustin Peterson
|
0-0: Fly out, F8 (Flyball, 78M, EV 91.2 MPH)
|
|
Batting: RHB Mike McClung
|
0-0: Ball 1-0: Called Strike 1-1: Foul Ball, location: 2F 1-2: Ball 2-2: Fly out, F6 (Popup, 6MS, EV 66.9 MPH)
|
|
Batting: RHB Tanner Holland
|
0-0: Ground out 4-3 (Groundball, 4, EV 95.0 MPH)
|
| Bottom of the 4th over - 0 runs, 0 hits, 0 errors, 0 left on base; Tijuana 4 - Joplin 0 |
| TOP OF THE 5TH |
|
Tijuana Toros batting - Pitching for Joplin Blasters : RHP Robert Carlos
|
|
Batting: LHB Gerardo Arriaga
|
0-0: Ball 1-0: Ground out 5-3 (Groundball, 5, EV 91.9 MPH)
|
|
Batting: RHB Alex Diaz
|
0-0: Ball 1-0: Fly out, F9 (Flyball, 89D, EV 88.1 MPH)
|
|
Batting: RHB Guo Kwok
|
0-0: DOUBLE (Line Drive, 78D, EV 109.4 MPH)
|
|
Batting: RHB Jerry Afghani
|
0-0: Ball 1-0: Foul Ball, location: 2F 1-1: Ball 2-1: Ball 3-1: Called Strike 3-2: Fly out, F7 (Line Drive, 78M, EV 83.8 MPH)
|
| Top of the 5th over - 0 runs, 1 hit, 0 errors, 1 left on base; Tijuana 4 - Joplin 0 |
| BOTTOM OF THE 5TH |
|
Joplin Blasters batting - Pitching for Tijuana Toros : RHP Ricky Mendoza
|
|
Batting: RHB Mike Stokes
|
0-0: Reached on error, E6 (Groundball, 6, EV 92.5 MPH)
|
|
Batting: LHB Willie Marquez
|
0-0: Ball 1-0: Ball 2-0: Swinging Strike 2-1: Ball 3-1: Foul Ball, location: 2F 3-2: Strikes out looking
|
|
Batting: RHB Abban Sartika
|
0-0: Ball 1-0: Swinging Strike 1-1: Swinging Strike 1-2: Strikes out swinging
|
|
Batting: RHB Nate Brewer
|
0-0: Ball 1-0: Fly out, F9 (Flyball, 9LS, EV 73.8 MPH)
|
| Bottom of the 5th over - 0 runs, 0 hits, 1 error, 1 left on base; Tijuana 4 - Joplin 0 |
| TOP OF THE 6TH |
|
Tijuana Toros batting - Pitching for Joplin Blasters : RHP Robert Carlos
|
|
Batting: LHB Jose Diaz
|
0-0: Swinging Strike 0-1: Ball 1-1: Ball 2-1: Ball 3-1: Base on Balls
|
|
Batting: RHB Mario Diaz
|
0-0: Foul Ball, location: 2F 0-1: Ball 1-1: Foul Ball, location: 2F 1-2: Foul Ball, location: 2F 1-2: Fly out, F7 (Line Drive, 7, EV 93.1 MPH)
|
|
Batting: RHB Guillermo Puente
|
0-0: Ball 1-0: Called Strike 1-1: Swinging Strike 1-2: Ball 2-2: Foul Ball, location: 2F 2-2: Foul Ball, location: 2F 2-2: Ball 3-2: Base on Balls Jose Diaz to second
|
|
Batting: RHB Tony Vasquez
|
0-0: Ball 1-0: Ball 2-0: Called Strike 2-1: Fly out, F9 (Flyball, 89D, EV 95.6 MPH)
|
|
Batting: RHB Jaylen North
|
0-0: Ball 1-0: Called Strike 1-1: Called Strike 1-2: Ball 2-2: Fly out, F7 (Line Drive, 7S, EV 85.6 MPH)
|
| Top of the 6th over - 0 runs, 0 hits, 0 errors, 2 left on base; Tijuana 4 - Joplin 0 |
| BOTTOM OF THE 6TH |
|
Joplin Blasters batting - Pitching for Tijuana Toros : RHP Ricky Mendoza
|
|
Batting: LHB Josh Lane
|
0-0: Ground out 5-3 (Groundball, 5L, EV 105.0 MPH)
|
|
Batting: RHB Angel Melendez
|
0-0: Ball 1-0: Called Strike 1-1: Swinging Strike 1-2: Strikes out swinging
|
|
Batting: RHB Dustin Peterson
|
0-0: Foul Ball, location: 2F 0-1: Ball 1-1: DOUBLE (Flyball, 89D, EV 106.2 MPH)
|
|
Batting: RHB Mike McClung
|
0-0: Foul Ball, location: 2F 0-1: Swinging Strike 0-2: Fly out, F8 (Flyball, 8LD, EV 88.8 MPH)
|
| Bottom of the 6th over - 0 runs, 1 hit, 0 errors, 1 left on base; Tijuana 4 - Joplin 0 |
| TOP OF THE 7TH |
|
Tijuana Toros batting - Pitching for Joplin Blasters : RHP Robert Carlos
|
|
Batting: LHB Gerardo Arriaga
|
0-0: Ball 1-0: Ball 2-0: Ball 3-0: Called Strike 3-1: Base on Balls
|
|
Batting: RHB Alex Diaz
|
0-0: Ball 1-0: Foul Ball, location: 2F 1-1: Ball 2-1: Foul Ball, location: 2F 2-2: DOUBLE (Line Drive, 7LD, EV 101.2 MPH) Gerardo Arriaga to third
|
|
Batting: RHB Guo Kwok
|
0-0: Ground out 5-3 (Groundball, 5L, EV 78.1 MPH)
|
|
Pitching: RHP Rade Mamula
|
|
|
Batting: RHB Jerry Afghani
|
0-0: Foul Ball, location: 2F 0-1: Ball 1-1: SINGLE (Groundball, 34D, EV 97.5 MPH) Gerardo Arriaga scores Alex Diaz to third
|
|
Batting: LHB Jose Diaz
|
0-0: Ball 1-0: Called Strike Jerry Afghani is caught stealing 2nd base 2-6 1-1: Called Strike 1-2: Foul Ball, location: 2F 1-2: Ball 2-2: Foul Ball, location: 2F 2-2: Ball 3-2: Fly out, F9 (Flyball, 9S, EV 86.9 MPH)
|
| Top of the 7th over - 1 run, 2 hits, 0 errors, 1 left on base; Tijuana 5 - Joplin 0 |
| BOTTOM OF THE 7TH |
|
Joplin Blasters batting - Pitching for Tijuana Toros : RHP Ricky Mendoza
|
|
Batting: RHB Tanner Holland
|
0-0: Ball 1-0: Ball 2-0: Ball 3-0: Called Strike 3-1: SINGLE (Groundball, 6MD, EV 96.2 MPH)
|
|
Batting: RHB Mike Stokes
|
0-0: Ball 1-0: Called Strike 1-1: Grounds into double play, 6-4-3 (Groundball, 56, EV 101.9 MPH)
|
|
Batting: LHB Willie Marquez
|
0-0: Called Strike 0-1: Ball 1-1: Ball 2-1: Foul Ball, location: 2F 2-2: Ball 3-2: Foul Ball, location: 2F 3-2: Ground out U3 (Groundball, 3, EV 86.2 MPH)
|
| Bottom of the 7th over - 0 runs, 1 hit, 0 errors, 0 left on base; Tijuana 5 - Joplin 0 |
| TOP OF THE 8TH |
|
Tijuana Toros batting - Pitching for Joplin Blasters : RHP Rade Mamula
|
|
Batting: RHB Mario Diaz
|
0-0: Called Strike 0-1: Foul Ball, location: 2F 0-2: SINGLE (Line Drive, 7S, EV 86.2 MPH)
|
|
Batting: RHB Guillermo Puente
|
0-0: Called Strike Mario Diaz steals 2nd base 0-1: Ball 1-1: Foul Ball, location: 2F 1-2: Ball 2-2: Foul Ball, location: 2F 2-2: Foul Ball, location: 2F 2-2: SINGLE (Line Drive, 89S, EV 111.9 MPH) Mario Diaz to third Runner from 3rd tries for Home, throw by CF and OUT! 8-2 Guillermo Puente to second
|
|
Batting: RHB Tony Vasquez
|
0-0: Ball 1-0: 2-RUN HOME RUN (Flyball, 7LD, EV 94.4 MPH), Distance : 329 ft
|
|
Batting: RHB Jaylen North
|
0-0: Ball 1-0: Ground out 4-3 (Groundball, 4, EV 85.6 MPH)
|
|
Batting: LHB Gerardo Arriaga
|
0-0: Called Strike 0-1: Ball 1-1: Ball 2-1: Ball 3-1: Foul Ball, location: 2F 3-2: Foul Ball, location: 2F 3-2: Foul Ball, location: 2F 3-2: Foul Ball, location: 2F 3-2: DOUBLE (Flyball, 89D, EV 100.0 MPH)
|
|
Batting: RHB Alex Diaz
|
0-0: Ball 1-0: Ball 2-0: Ball 3-0: Called Strike 3-1: 2-RUN HOME RUN (Flyball, 8RXD, EV 116.2 MPH), Distance : 445 ft
|
|
Batting: RHB Guo Kwok
|
0-0: Ball 1-0: Ball 2-0: Ground out 6-3 (Groundball, 6S, EV 87.5 MPH)
|
| Top of the 8th over - 4 runs, 5 hits, 0 errors, 0 left on base; Tijuana 9 - Joplin 0 |
| BOTTOM OF THE 8TH |
|
Joplin Blasters batting - Pitching for Tijuana Toros : RHP Ricky Mendoza
|
|
Batting: RHB Abban Sartika
|
0-0: Ball 1-0: Ground out 1-3 (Groundball, 13S, EV 76.9 MPH)
|
|
Pinch Hitting: RHB Cody Marshall
|
0-0: Ball 1-0: Ball 2-0: Ground out 6-3 (Groundball, 6, EV 88.8 MPH)
|
|
Pinch Hitting: RHB Colin Padgett
|
0-0: Fly out, F8 (Line Drive, 8RD, EV 110.6 MPH)
|
| Bottom of the 8th over - 0 runs, 0 hits, 0 errors, 0 left on base; Tijuana 9 - Joplin 0 |
| TOP OF THE 9TH |
|
Tijuana Toros batting - Pitching for Joplin Blasters : RHP Rade Mamula
|
|
Now at 3B: Cody Marshall
|
|
|
Now in CF: Alex Valadez
|
|
|
Batting: RHB Jerry Afghani
|
0-0: SINGLE (Line Drive, 6D, EV 102.5 MPH)
|
|
Batting: LHB Jose Diaz
|
0-0: Foul Ball, location: 2F 0-1: Grounds into double play, 3-6-3 (Groundball, 3, EV 92.5 MPH)
|
|
Batting: RHB Mario Diaz
|
0-0: Ball 1-0: Ball 2-0: Called Strike 2-1: Called Strike 2-2: Ball 3-2: Base on Balls
|
|
Batting: RHB Guillermo Puente
|
0-0: Ball 1-0: Ball Wild Pitch! Mario Diaz to second 2-0: Ball 3-0: Called Strike 3-1: Base on Balls
|
|
Batting: RHB Tony Vasquez
|
0-0: SINGLE (Line Drive, 8LS, EV 108.8 MPH) Mario Diaz to third Guillermo Puente to second Runner from 3rd tries for Home, SAFE, throw by CF to home
|
|
Pitching: RHP Jin-hoi Hur
|
|
|
Batting: RHB Jaylen North
|
0-0: Ball 1-0: Fly out, F8 (Flyball, 8LXD, EV 100.0 MPH)
|
| Top of the 9th over - 1 run, 2 hits, 0 errors, 2 left on base; Tijuana 10 - Joplin 0 |
| BOTTOM OF THE 9TH |
|
Joplin Blasters batting - Pitching for Tijuana Toros : RHP Ricky Mendoza
|
|
Pinch Hitting: RHB Carlos Castillo
|
0-0: Fly out, F8 (Flyball, 78S, EV 89.4 MPH)
|
|
Batting: RHB Dustin Peterson
|
0-0: Ground out 4-3 (Groundball, 34D, EV 81.9 MPH)
|
|
Batting: RHB Mike McClung
|
0-0: Ball 1-0: Ball 2-0: Ball 3-0: Called Strike 3-1: Base on Balls
|
|
Batting: RHB Tanner Holland
|
0-0: Ball 1-0: Ball 2-0: Called Strike 2-1: SINGLE (Line Drive, 89S, EV 106.2 MPH) Mike McClung to second
|
|
Batting: RHB Mike Stokes
|
0-0: Foul Ball, location: 2F 0-1: Foul Ball, location: 2F 0-2: Ball 1-2: Foul Ball, location: 2F 1-2: Strikes out looking
|
| Bottom of the 9th over - 0 runs, 1 hit, 0 errors, 2 left on base; Tijuana 10 - Joplin 0 |
|